| TOP OF THE 1ST |
|
Scranton WB RailRiders batting - Pitching for Buffalo Bisons : RHP Zack Rust
|
|
Pitching: RHP Zack Rust
|
|
|
Batting: LHB Justin Covington
|
0-0: Foul Ball, location: 2F 0-1: Ball 1-1: Ball 2-1: Foul Ball, location: 2F 2-2: Ball 3-2: Fly out, F8 (Flyball, 8RXD, EV 96.9 MPH)
|
|
Batting: RHB Willie Childs
|
0-0: Ball 1-0: Swinging Strike 1-1: Ball 2-1: Ball 3-1: Swinging Strike 3-2: Strikes out swinging
|
|
Batting: RHB Sean Neuroth
|
0-0: Ball 1-0: Swinging Strike 1-1: Foul Ball, location: 2F 1-2: Foul Ball, location: 2F 1-2: Strikes out swinging
|
| Top of the 1st over - 0 runs, 0 hits, 0 errors, 0 left on base; Scranton WB 0 - Buffalo 0 |
| BOTTOM OF THE 1ST |
|
Buffalo Bisons batting - Pitching for Scranton WB RailRiders : RHP Ricardo Villar
|
|
Pitching: RHP Ricardo Villar
|
|
|
Batting: RHB Danny Burnside
|
0-0: Ball 1-0: SINGLE (Flyball, 78S, EV 88.8 MPH)
|
|
Batting: LHB Michael Byrd
|
0-0: Ball 1-0: Called Strike 1-1: Ball 2-1: SINGLE (Groundball, 4, EV 98.8 MPH) Danny Burnside to second
|
|
Batting: RHB Ryan Kinkead
|
0-0: Foul Ball, location: 2F 0-1: Foul Ball, location: 2F 0-2: Ball 1-2: Foul Ball, location: 2F 1-2: Foul Ball, location: 2F 1-2: Strikes out swinging
|
|
Batting: LHB Josh Stuck
|
0-0: Swinging Strike 0-1: Ball 1-1: Ball 2-1: Called Strike Danny Burnside steals 3rd base (no throw) Michael Byrd to second 2-2: Strikes out swinging
|
|
Batting: RHB Alex Ramos
|
0-0: Ground out 4-3 (Groundball, 4S, EV 90.6 MPH)
|
| Bottom of the 1st over - 0 runs, 2 hits, 0 errors, 2 left on base; Scranton WB 0 - Buffalo 0 |
| TOP OF THE 2ND |
|
Scranton WB RailRiders batting - Pitching for Buffalo Bisons : RHP Zack Rust
|
|
Batting: SHB Cristiano Serrão
|
0-0: Swinging Strike 0-1: Ground out U3 (Groundball, 34, EV 87.5 MPH)
|
|
Batting: RHB Scott King
|
0-0: SINGLE (Groundball, 15S, EV 73.1 MPH) (infield hit)
|
|
Batting: RHB Luis Balderas
|
0-0: Swinging Strike 0-1: Swinging Strike 0-2: Ball 1-2: Ball 2-2: Ball 3-2: Foul Ball, location: 2F 3-2: Base on Balls Scott King to second
|
|
Batting: RHB Jeremy Boerman
|
0-0: Called Strike 0-1: SINGLE (Groundball, 4MD, EV 105.6 MPH) Scott King to third Luis Balderas to second Runner from 3rd tries for Home, throw by CF and OUT! 8-2
|
|
Batting: RHB Pat Bernier
|
0-0: Ball 1-0: Ground out 3-1 (Groundball, 34, EV 95.0 MPH)
|
| Top of the 2nd over - 0 runs, 2 hits, 0 errors, 2 left on base; Scranton WB 0 - Buffalo 0 |
| BOTTOM OF THE 2ND |
|
Buffalo Bisons batting - Pitching for Scranton WB RailRiders : RHP Ricardo Villar
|
|
Batting: LHB Yoshinari Nara
|
0-0: Called Strike 0-1: Ground out 2-3 (Groundball, 15S, EV 66.2 MPH)
|
|
Batting: SHB Phuck
|
0-0: Ball 1-0: Foul Ball, location: 2F 1-1: Foul Ball, location: 2F 1-2: Foul Ball, location: 2F 1-2: Ball 2-2: SINGLE (Groundball, 56S, EV 67.5 MPH) (infield hit)
|
|
Batting: RHB Jon Aguilar
|
0-0: Foul Ball, location: 2F 0-1: Ball 1-1: Ball Phuck is caught stealing 2nd base 2-4 2-1: Ball 3-1: Called Strike 3-2: Strikes out looking
|
| Bottom of the 2nd over - 0 runs, 1 hit, 0 errors, 0 left on base; Scranton WB 0 - Buffalo 0 |
| TOP OF THE 3RD |
|
Scranton WB RailRiders batting - Pitching for Buffalo Bisons : RHP Zack Rust
|
|
Batting: LHB Brad Ritter
|
0-0: Foul Ball, location: 2F 0-1: Ball 1-1: Ball 2-1: Foul Ball, location: 2F 2-2: Foul Ball, location: 2F 2-2: Fly out, F9 (Flyball, 89S, EV 85.0 MPH)
|
|
Batting: LHB Justin Covington
|
0-0: Ball 1-0: Foul Ball, location: 2F 1-1: Foul Ball, location: 2F 1-2: Ground out 5-3 (Groundball, 6S, EV 82.5 MPH)
|
|
Batting: RHB Willie Childs
|
0-0: Ground out 1-3 (Groundball, 13S, EV 64.4 MPH)
|
| Top of the 3rd over - 0 runs, 0 hits, 0 errors, 0 left on base; Scranton WB 0 - Buffalo 0 |
| BOTTOM OF THE 3RD |
|
Buffalo Bisons batting - Pitching for Scranton WB RailRiders : RHP Ricardo Villar
|
|
Batting: RHB John Loving
|
0-0: Ball 1-0: Ball 2-0: Foul Ball, location: 2F 2-1: Foul Ball, location: 2F 2-2: DOUBLE (Line Drive, 7LD, EV 106.9 MPH)
|
|
Batting: RHB Danny Burnside
|
0-0: Foul Ball, location: 2F 0-1: Ball 1-1: SINGLE (Groundball, 15S, EV 61.9 MPH) (infield hit) John Loving to third
|
|
Batting: LHB Michael Byrd
|
0-0: Called Strike Danny Burnside steals 2nd base 0-1: Ball 1-1: Foul Ball, location: 2F 1-2: Ball 2-2: Ball 3-2: Ground out 6-3 (Groundball, 6M, EV 82.5 MPH) John Loving scores Danny Burnside to third
|
|
Batting: RHB Ryan Kinkead
|
0-0: Foul Ball, location: 2F 0-1: Called Strike 0-2: Ball 1-2: Ball 2-2: Ball 3-2: SINGLE (Groundball, 6D, EV 103.8 MPH) Danny Burnside scores
|
|
Batting: LHB Josh Stuck
|
0-0: Called Strike 0-1: Ball 1-1: SINGLE (Groundball, 34D, EV 106.2 MPH) Ryan Kinkead to second Runner from 2nd tries for 3rd, SAFE, no throw by RF
|
|
Batting: RHB Alex Ramos
|
0-0: Ball 1-0: Ball 2-0: Foul Ball, location: 2F 2-1: Swinging Strike 2-2: Ball 3-2: Strikes out swinging
|
|
Batting: LHB Yoshinari Nara
|
0-0: Ball 1-0: Called Strike 1-1: Ball 2-1: Ball 3-1: Base on Balls Josh Stuck to second
|
|
Batting: SHB Phuck
|
0-0: Called Strike 0-1: Ball 1-1: Ball 2-1: Ball 3-1: Ground out 4-3 (Groundball, 4, EV 84.4 MPH)
|
| Bottom of the 3rd over - 2 runs, 4 hits, 0 errors, 3 left on base; Scranton WB 0 - Buffalo 2 |
| TOP OF THE 4TH |
|
Scranton WB RailRiders batting - Pitching for Buffalo Bisons : RHP Zack Rust
|
|
Batting: RHB Sean Neuroth
|
0-0: Ball 1-0: Foul Ball, location: 2F 1-1: SINGLE (Groundball, 4MS, EV 71.2 MPH) (infield hit)
|
|
Batting: SHB Cristiano Serrão
|
0-0: Ball 1-0: Ball 2-0: Ball 3-0: Called Strike 3-1: Called Strike 3-2: Foul Ball, location: 2F 3-2: Foul Ball, location: 2F 3-2: DOUBLE (Line Drive, 3D, EV 105.6 MPH) Sean Neuroth to third
|
|
Batting: RHB Scott King
|
0-0: Foul Ball, location: 2F 0-1: Ball 1-1: Swinging Strike 1-2: Ball 2-2: Ball 3-2: Foul Ball, location: 2F 3-2: Base on Balls
|
|
Batting: RHB Luis Balderas
|
0-0: Called Strike 0-1: Ball 1-1: Foul Ball, location: 2F 1-2: Foul Ball, location: 2F 1-2: Strikes out looking
|
|
Batting: RHB Jeremy Boerman
|
0-0: Ball 1-0: Swinging Strike 1-1: Swinging Strike 1-2: Grounds into fielders choice 1-2 (Groundball, 34S, EV 64.4 MPH) Cristiano Serrão to third Scott King to second
|
|
Batting: RHB Pat Bernier
|
0-0: Ball 1-0: Foul Ball, location: 2F 1-1: Ball 2-1: Foul Ball, location: 2F 2-2: Strikes out swinging
|
| Top of the 4th over - 0 runs, 2 hits, 0 errors, 3 left on base; Scranton WB 0 - Buffalo 2 |
| BOTTOM OF THE 4TH |
|
Buffalo Bisons batting - Pitching for Scranton WB RailRiders : RHP Ricardo Villar
|
|
Batting: RHB Jon Aguilar
|
0-0: Called Strike 0-1: Ball 1-1: Ball 2-1: Ball 3-1: Called Strike 3-2: Ground out 4-3 (Groundball, 4, EV 98.1 MPH)
|
|
Batting: RHB John Loving
|
0-0: Ball 1-0: Foul Ball, location: 2F 1-1: Called Strike 1-2: Strikes out looking
|
|
Batting: RHB Danny Burnside
|
0-0: Foul Ball, location: 2F 0-1: Ball 1-1: Ball 2-1: Foul Ball, location: 2F 2-2: Ball 3-2: Base on Balls
|
|
Batting: LHB Michael Byrd
|
0-0: Ball Danny Burnside steals 2nd base 1-0: Called Strike 1-1: Ball 2-1: Ground out 3-1 (Groundball, 34, EV 86.9 MPH)
|
| Bottom of the 4th over - 0 runs, 0 hits, 0 errors, 1 left on base; Scranton WB 0 - Buffalo 2 |
| TOP OF THE 5TH |
|
Scranton WB RailRiders batting - Pitching for Buffalo Bisons : RHP Zack Rust
|
|
Batting: LHB Brad Ritter
|
0-0: Foul Ball, location: 2F 0-1: Ground out 6-3 (Groundball, 6, EV 86.9 MPH)
|
|
Batting: LHB Justin Covington
|
0-0: Called Strike 0-1: Foul Ball, location: 2F 0-2: Foul Ball, location: 2F 0-2: Foul Ball, location: 2F 0-2: Foul Ball, location: 2F 0-2: Strikes out swinging
|
|
Batting: RHB Willie Childs
|
0-0: Called Strike 0-1: Ground out 5-3 (Groundball, 56S, EV 83.8 MPH)
|
| Top of the 5th over - 0 runs, 0 hits, 0 errors, 0 left on base; Scranton WB 0 - Buffalo 2 |
| BOTTOM OF THE 5TH |
|
Buffalo Bisons batting - Pitching for Scranton WB RailRiders : RHP Ricardo Villar
|
|
Batting: RHB Ryan Kinkead
|
0-0: Ball 1-0: Swinging Strike 1-1: Swinging Strike 1-2: Foul Ball, location: 2F 1-2: Fly out, F9 (Flyball, 9LS, EV 96.9 MPH)
|
|
Batting: LHB Josh Stuck
|
0-0: Ball 1-0: Ground out U3 (Groundball, 34, EV 85.6 MPH)
|
|
Batting: RHB Alex Ramos
|
0-0: Called Strike 0-1: Foul Ball, location: 2F 0-2: Ball 1-2: Ball 2-2: Ball 3-2: Foul Ball, location: 2F 3-2: Base on Balls
|
|
Batting: LHB Yoshinari Nara
|
0-0: Ball 1-0: Called Strike 1-1: Ball 2-1: Ball 3-1: Fielders Choice at 2nd, U6 (Groundball, 6M, EV 105.6 MPH)
|
| Bottom of the 5th over - 0 runs, 0 hits, 0 errors, 1 left on base; Scranton WB 0 - Buffalo 2 |
| TOP OF THE 6TH |
|
Scranton WB RailRiders batting - Pitching for Buffalo Bisons : RHP Zack Rust
|
|
Batting: RHB Sean Neuroth
|
0-0: Ball 1-0: SINGLE (Flyball, 8LS, EV 91.9 MPH)
|
|
Batting: SHB Cristiano Serrão
|
0-0: Ground out 4-3 (Groundball, 34, EV 96.2 MPH) Sean Neuroth to second
|
|
Batting: RHB Scott King
|
0-0: Ball 1-0: Ball 2-0: Foul Ball, location: 2F 2-1: Called Strike Sean Neuroth steals 3rd, throwing error, E2 Sean Neuroth scores 2-2: Ball 3-2: SINGLE (Line Drive, 8LS, EV 98.1 MPH)
|
|
Batting: RHB Luis Balderas
|
0-0: Ball 1-0: Ball 2-0: Called Strike 2-1: Grounds into double play, 4-6-3 (Groundball, 4MD, EV 83.8 MPH)
|
| Top of the 6th over - 1 run, 2 hits, 1 error, 0 left on base; Scranton WB 1 - Buffalo 2 |
| BOTTOM OF THE 6TH |
|
Buffalo Bisons batting - Pitching for Scranton WB RailRiders : RHP Ricardo Villar
|
|
Pitching: RHP Justin Byrne
|
|
|
Batting: SHB Phuck
|
0-0: Called Strike 0-1: Ball 1-1: Ball 2-1: Ball 3-1: Base on Balls
|
|
Batting: RHB Jon Aguilar
|
0-0: Ball 1-0: SINGLE (Groundball, 56, EV 99.4 MPH) (infield hit) Phuck to second
|
|
Batting: RHB John Loving
|
0-0: Swinging Strike 0-1: Foul Ball, location: 2F 0-2: Ball 1-2: Fly out, F8 (Flyball, 8RS, EV 85.6 MPH)
|
|
Batting: RHB Danny Burnside
|
0-0: Ball 1-0: Ball 2-0: Ball 3-0: Called Strike 3-1: Ground out 5-3 (Groundball, 56, EV 91.2 MPH) Phuck to third Jon Aguilar to second
|
|
Batting: LHB Michael Byrd
|
0-0: Ball 1-0: Foul Ball, location: 2F 1-1: Foul Ball, location: 2F 1-2: SINGLE (Groundball, 34D, EV 106.2 MPH) Phuck scores Jon Aguilar to third Runner from 3rd tries for Home, SAFE, throw by RF to home
|
|
Pitching: LHP Jason Merritt
|
|
|
Batting: RHB Ryan Kinkead
|
0-0: Ball 1-0: Ball 2-0: Called Strike 2-1: Ball 3-1: Foul Ball, location: 2F 3-2: DOUBLE (Line Drive, 7LD, EV 100.6 MPH) Michael Byrd to third Michael Byrd scores
|
|
Batting: LHB Josh Stuck
|
0-0: Ball 1-0: Ball 2-0: Ball 3-0: Called Strike 3-1: Base on Balls
|
|
Batting: RHB Alex Ramos
|
0-0: Called Strike 0-1: Foul Ball, location: 2F 0-2: Ball 1-2: SINGLE (Flyball, 8LS, EV 87.5 MPH) Ryan Kinkead to third Josh Stuck to second
|
|
Batting: LHB Yoshinari Nara
|
0-0: Called Strike 0-1: Ground out 4-3 (Groundball, 34D, EV 91.9 MPH)
|
| Bottom of the 6th over - 3 runs, 4 hits, 0 errors, 3 left on base; Scranton WB 1 - Buffalo 5 |
| TOP OF THE 7TH |
|
Scranton WB RailRiders batting - Pitching for Buffalo Bisons : RHP Zack Rust
|
|
Batting: RHB Jeremy Boerman
|
0-0: Ball 1-0: Swinging Strike 1-1: Ball 2-1: Ball 3-1: Base on Balls
|
|
Pitching: RHP Fernando Torres
|
|
|
Batting: RHB Pat Bernier
|
0-0: Called Strike 0-1: Bunted foul 0-2: Ball 1-2: Ball Jeremy Boerman is caught stealing 2nd base 2-4 2-2: Foul Ball, location: 2F 2-2: Ball 3-2: Foul Ball, location: 2F 3-2: Foul Ball, location: 2F 3-2: Base on Balls
|
|
Batting: LHB Brad Ritter
|
0-0: Ball 1-0: Ball Pat Bernier steals 2nd base 2-0: Ball 3-0: Called Strike 3-1: Called Strike 3-2: Foul Ball, location: 2F 3-2: Foul Ball, location: 2F 3-2: Fly out, F9 (Flyball, 89S, EV 83.1 MPH)
|
|
Batting: LHB Justin Covington
|
0-0: Called Strike 0-1: Ground out U3 (Groundball, 3, EV 90.0 MPH)
|
| Top of the 7th over - 0 runs, 0 hits, 0 errors, 1 left on base; Scranton WB 1 - Buffalo 5 |
| BOTTOM OF THE 7TH |
|
Buffalo Bisons batting - Pitching for Scranton WB RailRiders : LHP Jason Merritt
|
|
Pitching: LHP Cody Kane
|
|
|
Batting: SHB Phuck
|
0-0: Called Strike 0-1: Fly out, F3 (Flyball, 3D, EV 85.0 MPH)
|
|
Batting: RHB Jon Aguilar
|
0-0: Fly out, F8 (Flyball, 8RM, EV 91.9 MPH)
|
|
Batting: RHB John Loving
|
0-0: Foul Ball, location: 2F 0-1: Foul Ball, location: 2F 0-2: Ball 1-2: Fly out, F8 (Flyball, 8LM, EV 91.9 MPH)
|
| Bottom of the 7th over - 0 runs, 0 hits, 0 errors, 0 left on base; Scranton WB 1 - Buffalo 5 |
| TOP OF THE 8TH |
|
Scranton WB RailRiders batting - Pitching for Buffalo Bisons : RHP Fernando Torres
|
|
Batting: RHB Willie Childs
|
0-0: Called Strike 0-1: Ball 1-1: Ball 2-1: Foul Ball, location: 2F 2-2: Ball 3-2: Ground out 5-3 (Groundball, 5S, EV 85.6 MPH)
|
|
Batting: RHB Sean Neuroth
|
0-0: Ball 1-0: Fly out, F8 (Flyball, 89XD, EV 98.8 MPH)
|
|
Batting: SHB Cristiano Serrão
|
0-0: Foul Ball, location: 2F 0-1: Ball 1-1: Ball 2-1: Foul Ball, location: 2F 2-2: Foul Ball, location: 2F 2-2: Foul Ball, location: 2F 2-2: Ground out 1-3 (Groundball, 13S, EV 65.6 MPH)
|
| Top of the 8th over - 0 runs, 0 hits, 0 errors, 0 left on base; Scranton WB 1 - Buffalo 5 |
| BOTTOM OF THE 8TH |
|
Buffalo Bisons batting - Pitching for Scranton WB RailRiders : LHP Cody Kane
|
|
Pitching: LHP Phil Tippins
|
|
|
Batting: RHB Danny Burnside
|
0-0: Ball 1-0: Swinging Strike 1-1: Ball 2-1: Foul Ball, location: 2F 2-2: Foul Ball, location: 2F 2-2: Strikes out swinging
|
|
Batting: LHB Michael Byrd
|
0-0: Called Strike 0-1: Swinging Strike 0-2: Foul Ball, location: 2F 0-2: Foul Ball, location: 2F 0-2: Ball 1-2: SINGLE (Groundball, 34D, EV 100.6 MPH)
|
|
Batting: RHB Ryan Kinkead
|
0-0: Ball 1-0: Foul Ball, location: 2F 1-1: Ball 2-1: Ball 3-1: DOUBLE (Line Drive, 89D, EV 112.5 MPH) Michael Byrd to third Runner from 3rd tries for Home, SAFE, throw by CF to home
|
|
Batting: LHB Josh Stuck
|
0-0: Ball 1-0: Ball 2-0: Ball 3-0: Called Strike 3-1: Base on Balls
|
|
Batting: RHB Alex Ramos
|
0-0: Foul Ball, location: 2F 0-1: Ball 1-1: Called Strike 1-2: Ball 2-2: Ball 3-2: Fielders Choice at 2nd, 4-6 (Groundball, 4, EV 88.8 MPH) Ryan Kinkead to third
|
|
Batting: LHB Yoshinari Nara
|
0-0: Called Strike 0-1: Swinging Strike 0-2: Foul Ball, location: 2F 0-2: Fly out, F5 (Flyball, 5D, EV 73.1 MPH)
|
| Bottom of the 8th over - 1 run, 2 hits, 0 errors, 2 left on base; Scranton WB 1 - Buffalo 6 |
| TOP OF THE 9TH |
|
Scranton WB RailRiders batting - Pitching for Buffalo Bisons : RHP Fernando Torres
|
|
Pitching: RHP Doug Whitlatch
|
|
|
Batting: RHB Scott King
|
0-0: Ball 1-0: Foul Ball, location: 2F 1-1: Foul Ball, location: 2F 1-2: Strikes out swinging
|
|
Batting: RHB Luis Balderas
|
0-0: Ball 1-0: Ball 2-0: Called Strike 2-1: Foul Ball, location: 2F 2-2: Ball 3-2: Base on Balls
|
|
Batting: RHB Jeremy Boerman
|
0-0: Ball 1-0: Called Strike 1-1: Ball 2-1: Foul Ball, location: 2F 2-2: 2-RUN HOME RUN (Flyball, 78XD, EV 101.2 MPH), Distance : 399 ft
|
|
Batting: RHB Pat Bernier
|
0-0: Foul Ball, location: 2F 0-1: Ball 1-1: Ball 2-1: Ball 3-1: Foul Ball, location: 2F 3-2: Fly out, F9 (Flyball, 9LM, EV 101.9 MPH)
|
|
Batting: LHB Brad Ritter
|
0-0: Called Strike 0-1: Called Strike 0-2: Ball 1-2: Foul Ball, location: 2F 1-2: Ball 2-2: Ball 3-2: SINGLE (Groundball, 6MD, EV 95.6 MPH)
|
|
Pitching: RHP Chase Schlong
|
|
|
Batting: LHB Justin Covington
|
0-0: Ball 1-0: Called Strike 1-1: Ground out 4-3 (Groundball, 34, EV 88.1 MPH)
|
| Top of the 9th over - 2 runs, 2 hits, 0 errors, 1 left on base; Scranton WB 3 - Buffalo 6 |
|